 Dungeon Crawl Stone Soup version 0.30-a0-374-g95c0257040 (webtiles) character file.

Game seed: 17998990068807218759

35 Uniporpoise the Trooper (level 3, 0/29 HPs)
             Began as a Demonspawn Fighter on Nov 25, 2022.
             Slain by Jessica
             ... wielding a +5 dagger of speed
              (4 damage)
             ... on level 2 of the Dungeon.
             The game lasted 00:01:11 (1255 turns).

Uniporpoise the Trooper (Demonspawn Fighter)        Turns: 1255, Time: 00:01:12

Health: 0/29       AC:  7    Str: 18    XL:     3   Next: 16%
Magic:  3/3        EV:  9    Int:  9    God:
Gold:   124        SH:  4    Dex: 12    Spells: 2/2 levels left

rFire   . . .      SeeInvis .    a - +0 war axe
rCold   . . .      Faith    .    c - +0 buckler
rNeg    . . .      Spirit   .    b - +0 scale mail
rPois   .          Reflect  .    (no helmet)
rElec   .          Harm     .    m - +0 cloak
rCorr   .          Rampage  .    (no gloves)
Will    +....                    (no boots)
Stlth   ..........               (no amulet)
HPRegen 0.24/turn                g - ring of willpower
MPRegen 0.08/turn                (no ring)

@: no status effects
A: powered by death 1
a: no special abilities


You were on level 2 of the Dungeon.
You visited 1 branch of the dungeon, and saw 2 of its levels.

You collected 124 gold pieces.

Inventory:

Hand Weapons
 a - a +0 war axe (weapon)
 l - a +0 flail
Armour
 b - a +0 scale mail (worn)
 c - a +0 buckler (worn)
 m - a +0 cloak (worn)
Jewellery
 g - a ring of willpower (left hand)
Scrolls
 e - a scroll of enchant weapon {unknown}
 h - a scroll of poison {unknown}
 j - 5 scrolls of identify {unknown}
 k - a scroll of summoning {unknown}
 o - a scroll of torment {unknown}
Potions
 d - 2 potions of might
 f - a potion of ambrosia {unknown}
 i - 2 potions of lignification {unknown}
 n - a potion of degeneration {unknown}
 p - a potion of cancellation {unknown}


   Skills:
 + Level 3.2 Fighting
 * Level 2.5 Axes
 + Level 3.0 Armour
 + Level 3.0 Shields


You had 2 spell levels left.
You didn't know any spells.
Your spell library contained the following spells:

 Spells                   Type           Power      Damage    Failure   Level
 Kiss of Death            Conj/Necr      0%         2d5       86%         1
 Confusing Touch          Hex            0%         N/A       99%         3
 Dispel Undead            Necr           0%         3d6       100%        4
 Summon Forest            Summ/Tloc      0%         N/A       100%        5
 Summon Mana Viper        Hex/Summ       0%         N/A       100%        5
 Summon Cactus Giant      Summ           0%         N/A       100%        6


Dungeon Overview and Level Annotations

Branches:
Dungeon (2/15)

Altars:

Annotations:
D:2 Jessica


Innate Abilities, Weirdness & Mutations

You regenerate a little health from kills.


Message History

No target in view!
No target in view!
You open the door.
Found a ring mail.
There is an open door here.
You open the door.
There is an open door here.
o - a scroll labelled IJO BOICACVAIV
Found a stone staircase leading up.
No target in view!
There is a stone staircase leading up here.
p - a fuming dark potion
Found a stone staircase leading down.
You now have 124 gold pieces (gained 4).
There is a stone staircase leading down here.
There is a stone staircase leading down here.
Jessica the Apprentice Sorceress comes into view.
She is wielding a +5 dagger of speed.
Jessica is nearby!
Jessica hits you with a +5 dagger of speed.
You hit Jessica but do no damage. Jessica casts a spell at you.
You resist with significant effort.
You closely miss Jessica.
Jessica gestures wildly while chanting.
Jessica seems to speed up.
Jessica hits you with a +5 dagger of speed.
You completely miss Jessica. Jessica hits you but does no damage.
Jessica hits you with a +5 dagger of speed.
Jessica points at you and mumbles some strange words.
Pain shoots through your body!
You hit Jessica.
Jessica is lightly wounded.
Jessica hits you with a +5 dagger of speed.
You block Jessica's attack.
Jessica hits you with a +5 dagger of speed!
* * * LOW HITPOINT WARNING * * *
You barely miss Jessica.
Jessica is lightly wounded.
Jessica hits you with a +5 dagger of speed.
You die...

#.####.#.........##.#
#.# #......####.##.#
#.####.#...##.......#
#.............##.####
#.####.##..#####.#
#.####>##........#
#......##.########
#########.# #@# #@#
#.# #.# ... #.# ...
...


You could see Jessica (fast).

Vanquished Creatures
  An adder (D:2)
  2 ball pythons
  3 bats (D:1)
  4 endoplasms
  A goblin (D:1)
  A jackal (D:1)
  2 kobolds (D:1)
  2 quokkas (D:1)
  8 frilled lizards (D:1)
  A rat (D:1)
25 creatures vanquished.

Notes
Turn   | Place    | Note
-------+----------+-------------------------------------------
     0 | D:1      | Uniporpoise the Demonspawn Fighter began the quest for the
                  | Orb.
     0 | D:1      | Reached XP level 1. HP: 18/18 MP: 1/1
   151 | D:1      | Gained mutation: You regenerate a little health from kills.
                  | [demonic ancestry]
   151 | D:1      | Reached XP level 2. HP: 15/24 MP: 2/2
   910 | D:2      | Reached XP level 3. HP: 22/29 MP: 3/3
  1247 | D:2      | Noticed Jessica
  1255 | D:2      | Slain by Jessica

Illustrated notes

Levels and vault maps discovered:
D:1:      eino_arrival_cavern_b, layout_basic, st_stairs_9, minmay_lizard_pond
D:2:      layout_loops_corners, uniq_jessica

Skill      XL: |  1  2  3 |
---------------+----------+-----
Axes           | 2 |  2.5
Armour         | 3 |  3.0
Shields        | 3 |  3.0
Fighting       | |  3.2

Action                   || total
-------------------------++-------
Melee: War axe           ||    63
Armor: Scale mail        ||    41
Dodge: Dodged            ||    25
Block: Buckler           ||    19

Table legend: (Time is in decaauts)
 A = Elapsed time spent in this place.
 B = Non-inter-level travel time spent in this place.
 C = Inter-level travel time spent in this place.
 D = Time resting spent in this place.
 E = Time spent auto-exploring this place.
 F = Levels seen in this place.
 G = Mean time per level.
                   A        B        C        D        E       F      G
               +--------+--------+--------+--------+--------+-----+--------+
         Total |   1282 |   1188 |     94 |      0 |    994 |   2 |  641.0 |
       Dungeon |   1282 |   1188 |     94 |      0 |    994 |   2 |  641.0 |
               +--------+--------+--------+--------+--------+-----+--------+

Top non-repeatable levels by time:
     D:1: 920 daAuts
     D:2: 362 daAuts
